 Dungeon Crawl Stone Soup version 0.29-a0-418-gc0181ea820 (console) character file.

Game seed: 7549919035826233707

1254 om the Cudgeller (level 8, -6/117 HPs)
             Began as a Troll Berserker on May 17, 2022.
             Was a Believer of Trog.
             Incinerated by a smoke demon (7 damage)
             ... with a sticky flame
             ... on level 2 of the Abyss.
             The game lasted 00:08:48 (4454 turns).

om the Cudgeller (Troll Berserker)                  Turns: 4454, Time: 00:08:49

Health: -6/117     AC:  5    Str: 26    XL:     8   Next: 26%
Magic:  7/7        EV: 11    Int:  5    God:    Trog [**....]
Gold:   259        SH:  0    Dex:  9    Spells: 7/7 levels left

rFire   . . .      SeeInvis .   n - +1 flail (flame)
rCold   . . .      Faith    .   (no shield)
rNeg    . . .      Spirit   .   b - +1 animal skin
rPois   .          Reflect  .   (helmet restricted)
rElec   .          Harm     .   (no cloak)
rCorr   .          Rampage  .   (gloves unavailable)
Will    .....                   (boots unavailable)
Stlth   ..........              (no amulet)
HPRegen 1.09/turn               g - ring of flight
MPRegen 0.10/turn               (no ring)

@: berserking (expiring), on fire, flying, glowing, very quick
A: large, unfitting armour, claws 3, regeneration 1, shaggy fur 1, tough skin 1,
sense surroundings 1, noise suppression
a: Renounce Religion, Berserk, Trog's Hand


You were on level 2 of the Abyss.
You worshipped Trog.
Trog was pleased with you.
You visited 1 branch of the dungeon, and saw 5 of its levels.
You visited the Abyss 1 time.

You collected 259 gold pieces.

Inventory:

Hand Weapons
 a - a +0 mace
 l - a +2 dagger of venom
 n - a +1 flail of flaming (weapon)
Armour
 b - a +1 animal skin (worn)
Jewellery
 g - a ring of flight (left claw)
Wands
 d - a wand of charming (10)
 i - a wand of iceblast (9)
Scrolls
 c - 2 scrolls of teleportation
 f - a scroll of enchant weapon
 m - a scroll of blinking
 o - a scroll of fear
 p - a scroll of torment {unknown}
Potions
 e - 3 potions of lignification
 h - 3 potions of curing
 q - 2 potions of magic
 r - a potion of berserk rage


   Skills:
 + Level 3.7 Fighting
 * Level 6.6 Maces & Flails
 * Level 6.0 Dodging


You had 7 spell levels left.
You didn't know any spells.
Your spell library was empty.

Dungeon Overview and Level Annotations

Branches:
Dungeon (5/15)             Temple (0/1) D:5

Altars:

Annotations:
D:3 1 transporter, thiscave3701365's ghost, amateur MiBe
D:4 3 runed translucent doors, dolemite99's ghost, novice DsGl


Innate Abilities, Weirdness & Mutations

You are too large for most types of armour.
You have claws for hands.
Your natural rate of healing is unusually fast.
You are covered in fur. (AC +1)
You have tough skin. (AC +1)
You passively map a small area around you.
You passively dampen the noise of your surroundings.


Message History

You kill the hellwing!
That felt strangely unrewarding.
The smoke demon gestures at you. Something smites you!
* * * LOW HITPOINT WARNING * * *
You sock the smoke demon!
The smoke demon is moderately wounded.
The smoke demon hits you.
* * * LOW HITPOINT WARNING * * *
The smoke demon hits you but does no damage. x2
You are too injured to fight recklessly!
You barely miss the smoke demon.
The smoke demon is moderately wounded.
The smoke demon misses you. The smoke demon hits you.
* * * LOW HITPOINT WARNING * * *
The smoke demon closely misses you. The smoke demon hits you.
* * * LOW HITPOINT WARNING * * *
The smoke demon hits you but does no damage.
The smoke demon misses you.
You bludgeon the smoke demon!!
The smoke demon is almost dead.
The smoke demon gestures at you. The sticky flame hits you.
You are covered in liquid flames!
* * * LOW HITPOINT WARNING * * *
You are too injured to fight recklessly!
You sock the smoke demon!
You kill the smoke demon!
That felt strangely unrewarding.
You are covered in liquid flames!
* * * LOW HITPOINT WARNING * * *
The smoke demon hits you.
* * * LOW HITPOINT WARNING * * *
The smoke demon barely misses you. x2
You are too injured to fight recklessly!
You hit the small abomination. You burn the small abomination.
The small abomination is lightly damaged.
The substance of the Abyss twists violently, and a gateway leading out appears!
You are covered in liquid flames!
You die...

##########...
#..43@x......
####.#4######...
4. #.# .#
#4#..#..#. ...#
..##. #. #... ##
# #.#. ###.. #
.... .# .# #.#
##


You could see 2 hellwings, a smoke demon and a small abomination.

Vanquished Creatures
  A smoke demon (Abyss:2)
  A hellwing (Abyss:2)
  4 yaks (D:5)
  A water moccasin (D:5)
  A necrophage (D:4)
  A scorpion (D:5)
  A quasit (Abyss:2)
  A jelly (D:5)
  An orc priest (D:5)
  2 hounds (D:4)
  An iguana (D:5)
  A gnoll shaman (D:4)
  An orc wizard (D:3)
  6 adders
  10 gnolls
  An ufetubus (D:4)
  3 dart slugs
  9 orcs
  5 endoplasms
  2 giant cockroaches (D:4)
  9 goblins
  6 hobgoblins
  3 quokkas
  7 ball pythons
  7 bats
  3 frilled lizards
  9 kobolds
  10 rats
107 creatures vanquished.

Notes
Turn   | Place    | Note
-------+----------+-------------------------------------------
     0 | D:1      | om the Troll Berserker began the quest for the Orb.
     0 | D:1      | Reached XP level 1. HP: 22/22 MP: 0/0
   112 | D:1      | Found a faded altar of an unknown god.
   223 | D:1      | Reached XP level 2. HP: 29/29 MP: 1/1
   504 | D:2      | Gained mutation: You have sharp toenails. [potion of
                  | mutation]
   505 | D:2      | Lost mutation: You have sharp toenails. [potion of
                  | mutation]
   505 | D:2      | Gained mutation: You passively dampen the noise of your
                  | surroundings. [potion of mutation]
   505 | D:2      | Gained mutation: You passively map a small area around you.
                  | [potion of mutation]
  1070 | D:2      | Reached XP level 3. HP: 36/36 MP: 2/2
  1149 | D:2      | Reached ** piety under Trog
  1668 | D:3      | Reached XP level 4. HP: 27/44 MP: 3/3
  2321 | D:3      | Noticed an ogre
  2321 | D:3      | Noticed an ogre
  2321 | D:3      | Noticed thiscave3701365's ghost (amateur MiBe)
  2322 | D:3      | Found a transporter.
  2343 | D:3      | Reached XP level 5. HP: 53/53 MP: 4/4
  2668 | D:4      | Found a runed translucent gate.
  2669 | D:4      | Found a runed translucent gate.
  2669 | D:4      | Noticed dolemite99's ghost (novice DsGl)
  2670 | D:4      | Found a runed translucent gate.
  2750 | D:4      | Reached XP level 6. HP: 61/61 MP: 5/5
  3404 | D:4      | Reached skill level 5 in Maces & Flails
  3590 | D:5      | Entered Level 5 of the Dungeon
  3710 | D:5      | Noticed a water moccasin
  3827 | D:5      | Killed a water moccasin
  3828 | D:5      | Reached skill level 5 in Dodging
  3828 | D:5      | Reached XP level 7. HP: 67/67 MP: 6/6
  3981 | D:5      | Found a staircase to the Ecumenical Temple.
  4082 | D:5      | Noticed a yak
  4082 | D:5      | Noticed a yak
  4082 | D:5      | Noticed a yak
  4084 | D:5      | Noticed a yak
  4090 | D:5      | Killed a yak
  4093 | D:5      | Killed a yak
  4102 | D:5      | Killed a yak
  4103 | D:5      | Reached XP level 8. HP: 73/75 MP: 7/7
  4241 | D:5      | Reached *** piety under Trog
  4280 | D:5      | Cast into level 2 of the Abyss (orc priest)
  4432 | Abyss:2  | Noticed a smoke demon
  4433 | Abyss:2  | Noticed a hellwing
  4433 | Abyss:2  | Noticed a hellwing
  4434 | Abyss:2  | Noticed a hellwing
  4434 | Abyss:2  | Noticed a smoke demon
  4449 | Abyss:2  | Killed a hellwing
  4452 | Abyss:2  | HP: 5/117 [smoke demon/sticky flame (5)]
  4453 | Abyss:2  | Killed a smoke demon
  4453 | Abyss:2  | HP: 1/117 [smoke demon (4)]
  4454 | Abyss:2  | Incinerated by a smoke demon

Illustrated notes

Levels and vault maps discovered:
D:1:      scummos_arrival_checkerplants, layout_rooms,
          hellmonk_ecumenical_altar_lost_god, minmay_tetromino_s4
D:2:      layout_basic, hex_medium, minmay_misc_feat_square, minmay_hedge_maze
D:3:      layout_basic, gammafunk_ghost_smash, grunt_ministairs_1
D:4:      layout_loops_corners, gammafunk_ghost_split, minmay_between
D:5:      layout_loops_ring, minmay_temple_entry_mist
Abyss:2:  base:
D:5

Skill      XL: |  1  2  3  4  5  6  7  8 |
---------------+-------------------------+-----
Maces & Flails | 3 4 5 6 |  6.6
Dodging        | 3 4 5 6 |  6.0
Fighting       | 3 |  3.7

Action                   |  1- 3 |  4- 6 |  7- 9 || total
-------------------------+-------+-------+-------++-------
Melee: Mace              |   129 |     5 |       ||   134
       Flail             |       |   158 |    76 ||   234
       Punch             |       |     1 |     1 ||     2
Invok: Berserk           |     2 |     7 |     4 ||    13
       Trog's Hand       |       |     1 |       ||     1
  Use: Scroll            |     2 |     6 |     4 ||    12
       Potion            |     2 |       |       ||     2
Armor: Animal skin       |    51 |    47 |    24 ||   122
Dodge: Dodged            |    78 |    97 |    39 ||   214

Table legend: (Time is in decaauts)
 A = Elapsed time spent in this place.
 B = Non-inter-level travel time spent in this place.
 C = Inter-level travel time spent in this place.
 D = Time resting spent in this place.
 E = Time spent auto-exploring this place.
 F = Levels seen in this place.
 G = Mean time per level.
                   A        B        C        D        E       F      G
               +--------+--------+--------+--------+--------+-----+--------+
         Total |   4615 |   4479 |    136 |    922 |   2634 |   6 |  769.2 |
       Dungeon |   4421 |   4285 |    136 |    770 |   2621 |   5 |  884.2 |
         Abyss |    194 |    194 |      0 |    152 |     13 |   1 |  194.0 |
               +--------+--------+--------+--------+--------+-----+--------+

Top non-repeatable levels by time:
     D:4: 1238 daAuts
     D:3: 1219 daAuts
     D:2: 835 daAuts
     D:5: 616 daAuts
     D:1: 510 daAuts
 Abyss:2: 194 daAuts
